Map: King's Cove LE

Players

IIIIIIIII

  • Race: Terran Terran
  • League: Gold
  • Spawn Location: 11:00

ghostdog - Winner!

  • Race: Protoss Protoss
  • League: Platinum
  • Spawn Location: 5:00

VOD

Have the link to the VOD?

Description

Everything going wrong, failing with grace and a well deserved win?!?

Time

  • Played on: April 8, 2019, 6:34 p.m.
  • Length: 18:45
Show
View Real Time Build Order
Export as new Build Order

IIIIIIIII Terran 

Build Orders: Gas First Reaper Expand 

Get SALT Encoding   

  12  0:01  SCV  
  13  0:13  SCV  
  14  0:18  Supply Depot  
  14  0:26  SCV  
  15  0:32  Refinery  
  15  0:40  SCV  
  16  0:47  Barracks  
  16  0:52  SCV  
  17  1:05  SCV  
  18  1:17  SCV  
  19  1:33  Orbital Command  
  19  1:34  Reaper  
  20  1:48  Command Center  
  20  2:02  SCV  
  21  2:09  Factory  
  21  2:18  SCV  
  22  2:23  Supply Depot, Refinery  
  22  2:25  Barracks Reactor  
  22  2:35  SCV  
  23  2:39  Supply Depot  
  23  2:48  SCV  
  24  2:56  Widow Mine  
  26  3:01  Starport  
  25  3:07  Marine x2  
  25  3:12  SCV  
  28  3:18  Orbital Command  
  28  3:25  Marine x2  
  30  3:34  SCV  
  31  3:38  Supply Depot, Factory Tech Lab  
  31  3:43  Marine x2  
  33  4:03  Marine x2  
  35  4:15  Widow Mine  
  35  4:21  Marine x2  
  37  4:27  Medivac  
  37  4:29  SCV x2  
  41  4:38  Marine  
  41  4:41  SCV  
  41  4:42  SCV, Engineering Bay  
  41  4:43  Siege Tank  
  47  4:51  Bunker  
  47  4:53  SCV  
  47  4:54  SCV  
  47  4:59  Barracks  
  49  5:05  Barracks  
  49  5:06  SCV x2  
  51  5:18  SCV x2  
  53  5:27  Supply Depot, Refinery  
  53  5:28  Starport Tech Lab  
  53  5:30  SCV x2  
  53  5:33  Supply Depot, Terran Infantry Weapons Level 1  
  55  5:40  Factory Tech Lab  
  55  5:42  SCV x2  
  57  5:43  Supply Depot  
  57  5:48  Supply Depot  
  57  5:54  SCV x2  
  59  6:06  Supply Depot, SCV  
  59  6:09  Supply Depot  
  60  6:12  Starport Reactor  
  56  6:26  Combat Shield, Stimpack  
  56  6:32  Marine x2, Marauder x2  
  62  6:33  Siege Tank  
  62  6:38  Supply Depot  
  65  6:46  SCV  
  65  6:47  SCV  
  67  6:50  Medivac x2  
  67  6:53  Marauder x2  
  75  7:02  SCV x2  
  75  7:04  Marine x2  
  79  7:11  Command Center  
  79  7:14  Supply Depot, Marauder  
  81  7:16  Marauder  
  81  7:19  SCV x2  
  81  7:21  Liberator x2  
  85  7:34  Marine x2  
  85  7:36  Siege Tank, Marauder  
  92  7:37  Marine  
  98  7:53  Concussive Shells  
  98  7:55  Marauder  
  98  7:57  Marauder  
  102  7:59  Supply Depot  
  102  8:00  Supply Depot x2  
  102  8:03  Supply Depot, Marine x2  
  104  8:17  SCV x2, Marauder  
  104  8:18  Marauder  
  110  8:24  Supply Depot  
  110  8:25  Supply Depot  
  110  8:29  SCV  
  110  8:30  Marine  
  112  8:38  Armory, Marauder  
  112  8:40  Marauder  
  116  8:41  Marine  
  117  8:48  Marine  
  118  8:59  Marine x2  
  118  9:01  Marauder  
  121  9:06  Marine  
  107  9:17  Marine, Marauder  
  107  9:22  Marine  
  107  9:23  Siege Tank  
  107  9:24  Marine, Medivac x2  
  112  9:30  Engineering Bay  
  115  9:33  Orbital Command, SCV x2  
  115  9:35  Barracks, Marine  
  115  9:36  Refinery  
  115  9:37  Barracks  
  115  9:38  Marine  
  116  9:40  Marine  
  116  9:43  Missile Turret  
  116  9:45  SCV x2  
  120  9:46  Missile Turret  
  120  9:52  Terran Vehicle Weapons Level 1  
  120  9:54  Supply Depot x2  
  120  9:57  SCV x2, Terran Infantry Armor Level 1, Terran Infantry Weapons Level 2  
  122  10:03  SCV  
  127  10:07  Marine, Marauder x2  
  127  10:08  Marine  
  127  10:09  SCV x2  
  131  10:15  SCV  
  132  10:21  SCV x2  
  132  10:23  Siege Tank, Medivac  
  132  10:25  Marine x2, Barracks Tech Lab  
  132  10:26  Barracks Tech Lab  
  132  10:27  SCV  
  146  10:28  Marauder x2  
  146  10:30  Supply Depot  
  146  10:33  SCV  
  146  10:34  SCV  
  148  10:37  Supply Depot  
  148  10:38  Supply Depot  
  148  10:39  SCV  
  149  10:45  SCV  
  149  10:47  Marine x2, Marauder x2  
  160  10:50  Marauder x2  
  160  10:54  SCV x2  
  159  10:58  SCV  
  160  11:04  Marine x2  
  160  11:06  SCV x2  
  160  11:07  Refinery  
  160  11:08  Supply Depot  
  160  11:09  Supply Depot, Marauder  
  160  11:10  Supply Depot  
  166  11:14  Command Center  
  166  11:19  Marauder x3  
  166  11:22  Marine x2  
  174  11:31  Marauder  
  158  11:35  Siege Tank  
  158  11:37  Medivac x2  
  158  11:38  SCV x2  
  167  11:40  Marine x5  
  167  11:43  Refinery  
  170  11:51  Marine  
  171  11:56  Refinery  
  171  11:58  Marine x3, Marauder  
  171  11:59  Terran Infantry Armor Level 2, Marauder  
  171  12:01  Terran Vehicle Weapons Level 2  
  178  12:09  Marine, Medivac x2  
  183  12:16  Marine x3  
  183  12:19  Marine x2  
  188  12:27  Marine  
  189  12:33  Marine x2  
  189  12:34  Marine  
  189  12:37  Refinery, Marine x2  
  192  12:41  Sensor Tower  
  194  12:45  Missile Turret, Marine  
  194  12:49  Missile Turret  
  182  12:51  Marine x3  
  182  12:55  Missile Turret, Marine x2  
  185  13:03  Marine  
  186  13:09  Marine x3  
  189  13:13  Marine x2  
  191  13:20  Orbital Command, Marine  
  189  13:27  Supply Depot, Marine x3  
  189  13:30  Marine  
  189  13:31  Marine  
  194  13:34  Missile Turret  
  194  13:38  Marine  
  194  13:40  Siege Tank  
  198  13:45  Marine x2  
  200  13:54  Marine x3  
  199  13:56  Marine  
  195  14:02  Marine x2  
  194  14:12  Marine x3  
  194  14:14  Marine  
  194  14:20  Marine x2  
  194  14:21  Missile Turret  
  194  14:22  Missile Turret  
  196  14:30  Marine x3  
  199  14:32  Marine  
  200  14:43  Armory  
  200  14:50  Starport  
  200  14:54  Starport  
  197  15:05  Marine x2  
  198  15:32  Viking  
  198  15:35  Starport Reactor  
  200  15:41  Starport Reactor  
  200  15:57  Command Center  
  200  16:23  Orbital Command  
  200  16:30  Supply Depot, Missile Turret  
  143  17:16  Refinery  
  143  17:19  Command Center  
  143  17:22  Refinery  
  143  17:27  Refinery, Command Center  
  143  17:30  Refinery  
  143  17:31  Missile Turret  
Show
View Real Time Build Order
Export as new Build Order

ghostdog Protoss - Winner!

Build Orders:  

Get SALT Encoding   

  12  0:01  Probe  
  13  0:13  Probe  
  14  0:18  Pylon  
  14  0:26  Probe  
  15  0:37  Gateway  
  15  0:39  Probe  
  16  0:46  Assimilator  
  16  0:51  Probe  
  17  1:01  Gateway  
  17  1:05  Probe  
  18  1:17  Probe  
  19  1:24  Cybernetics Core  
  19  1:30  Pylon  
  19  1:33  Probe  
  19  1:39  Zealot  
  20  1:45  Probe  
  21  1:52  Stalker  
  23  1:57  Stalker  
  27  2:19  Assimilator  
  27  2:35  Nexus  
  25  3:38  Stalker x2  
  21  4:26  Probe  
  21  4:28  Probe  
  23  4:32  Zealot, Sentry  
  23  4:37  Probe  
  28  4:40  Robotics Facility, Probe  
  28  4:44  Gateway  
  29  4:45  Twilight Council, Probe  
  29  4:48  Probe  
  31  4:54  Probe  
  31  4:56  Probe  
  32  5:02  Sentry, Zealot  
  32  5:04  Probe  
  38  5:07  Probe  
  38  5:13  Stargate  
  39  5:16  Probe  
  39  5:19  Probe  
  41  5:22  Warp Gate  
  41  5:27  Immortal  
  45  5:28  Probe  
  46  5:58  Forge  
  46  6:07  Pylon  
  46  6:09  Pylon  
  46  6:20  Phoenix  
  46  6:21  Observer, Probe x2  
  44  6:33  Probe x2  
  44  6:35  Protoss Ground Weapons Level 1  
  46  6:44  Photon Cannon  
  46  6:45  Probe  
  47  6:50  Photon Cannon, Phoenix  
  47  6:52  Probe  
  50  6:56  Assimilator  
  50  7:00  Assimilator  
  50  7:02  Charge  
  50  7:04  Probe  
  50  7:05  Photon Cannon  
  50  7:07  Photon Cannon  
  50  7:08  Phoenix  
  53  7:30  Probe  
  53  7:33  Robotics Bay  
  53  7:34  Probe  
  55  7:38  Phoenix  
  55  7:43  Probe  
  58  7:46  Probe  
  59  7:55  Probe, Pylon  
  59  7:56  Pylon  
  60  8:01  Probe  
  61  8:07  Probe  
  61  8:09  Colossus  
  62  8:13  Probe  
  62  8:14  Extended Thermal Lance  
  62  8:19  Probe  
  70  8:45  Zealot  
  70  8:46  Zealot x2  
  70  8:47  Probe  
  77  9:00  Probe  
  77  9:09  Nexus  
  75  9:12  Probe  
  73  9:39  Phoenix  
  73  9:43  Probe  
  76  9:52  Zealot  
  78  10:06  Pylon  
  78  10:10  Pylon  
  78  10:19  Pylon  
  78  10:20  Colossus  
  78  10:21  Phoenix, Probe  
  87  10:23  Pylon  
  87  10:27  Pylon  
  87  10:33  Probe, Templar Archives  
  87  10:34  Gateway  
  88  10:39  Gateway  
  88  10:41  Gateway  
  88  10:43  Gateway x2  
  88  10:45  Probe  
  88  10:49  Phoenix  
  87  10:57  Forge, Probe  
  87  11:00  Forge  
  88  11:14  Colossus  
  88  11:15  Psionic Storm  
  94  11:22  High Templar  
  94  11:23  High Templar x2  
  82  11:49  High Templar x2  
  86  12:02  Probe  
  86  12:05  Probe  
  89  12:08  Probe  
  89  12:14  Probe, Zealot x3  
  89  12:15  Zealot x3  
  102  12:17  Probe  
  102  12:20  Probe  
  104  12:26  Probe  
  104  12:29  Probe  
  106  12:32  Probe  
  106  12:44  Probe  
  80  13:09  Stalker  
  80  13:10  Stalker x2  
  86  13:18  Probe  
  86  13:30  Probe  
  87  13:42  Probe  
  56  14:37  Nexus  
  49  16:10  Pylon  
  49  16:12  Pylon  
  49  16:13  Pylon  
  49  16:15  Pylon x2  
  49  16:17  Pylon  
  19  17:16  Pylon  
  19  17:19  Pylon  
Tags
 
Add a new tag
Caveats
  • Supply blocks, unpowered buildings, or Contaminate may cause inaccurate times.
  • Supply counts are checked every 10 seconds.